 Dungeon Crawl Stone Soup version 0.18.1-48-g4cf74bf (webtiles) character file.

1299 hairmachine the Ruffian (level 8, -7/70 HPs)
             Began as a Troll Hunter on July 3, 2016.
             Was an Initiate of Trog.
             Mangled by an orc warrior
             ... wielding a +1 scimitar of pain
              (21 damage)
             ... on level 6 of the Dungeon.
             The game lasted 00:11:57 (3719 turns).

hairmachine the Ruffian (Troll Hunter)              Turns: 3719, Time: 00:11:58

Health: -7/70      AC:  5    Str: 22    XL:     8   Next: 31%
Magic:  7/7        EV: 10    Int:  7    God:    Trog [......]
Gold:   343        SH:  0    Dex: 11    Spells: 0 memorised, 7 levels left

rFire  . . .     SeeInvis .       - Unarmed
rCold  . . .     Gourm    +     b - +0 robe
rNeg   . . .     Faith    .     (no shield)
rPois  .         Spirit   .     o - +0 hat
rElec  .         Dismiss  .     (no cloak)
rCorr  .         Reflect  .     (gloves unavailable)
SustAt .         Harm     .     (boots unavailable)
MR     .....                    (no amulet)
Stlth  ++........               (no ring)
                                r - +1 ring of slaying

@: not resistant to hostile enchantments, unstealthy
A: unfitting armour, claws 3, fast metabolism 3, gourmand, regeneration 2,
shaggy fur 1, tough skin 2
a: Burn Spellbooks, Renounce Religion


You were on level 6 of the Dungeon.
You worshipped Trog.
Trog was noncommittal.
You were completely stuffed.

You visited 1 branch of the dungeon, and saw 6 of its levels.

You collected 343 gold pieces.

Inventory:

Missiles
 c - 2 large rocks (quivered)
 d - 2 throwing nets
Armour
 b - a +0 robe (worn)
 o - a +0 hat (worn)
Jewellery
 r - a +1 ring of slaying (left claw)
 t - a cursed ring of loudness {unknown}
 w - a cursed -2 ring of evasion {unknown}
 y - a +3 ring of intelligence {unknown}
Scrolls
 e - a scroll of fog {unknown}
 h - 2 scrolls of random uselessness
 i - 9 scrolls of identify
 p - 2 scrolls of remove curse
 s - a scroll of enchant armour {unknown}
 B - 4 scrolls of noise {unknown}
Potions
 a - a potion of flight
 k - a potion of degeneration {unknown}
 l - a potion of cancellation {unknown}
 m - 3 potions of heal wounds
 n - a potion of magic {unknown}
 q - 3 potions of curing
 v - a potion of invisibility {unknown}
 x - a potion of lignification {unknown}
Books
 u - a Fen Folio

   Spells                             Type                      Level
   a - Corpse Rot                     Necromancy                   2
   b - Stone Arrow                    Conjuration/Earth            3
   c - Leda's Liquefaction            Hexes/Earth                  4
   d - Summon Forest                  Summoning/Translocation      5
   e - Hydra Form                     Transmutation                6
   f - Summon Hydra                   Summoning                    7
   Trog disapproves of the use of such an item.
Comestibles
 f - 4 bread rations
 g - 4 beef jerkies
 z - 2 slices of pizza
 C - a meat ration


   Skills:
 - Level 1.5 Fighting
 - Level 3.6 Throwing
 - Level 1.5 Dodging
 + Level 4.9 Stealth
 + Level 7.0 Unarmed Combat


You had 7 spell levels left.
You didn't know any spells.

Dungeon Overview and Level Annotations

Branches:
Dungeon (6/15)             Temple (0/1) D:5

Altars:
Cheibriados
Pakellas
Trog


Innate Abilities, Weirdness & Mutations

You are too large for most types of armour.
You have claws for hands.
Your metabolism is lightning-fast.
You like to eat raw meat.
You heal very quickly.
You are covered in fur (AC +1).
You have very tough skin (AC +2).


Message History

Throwing (i - inventory. (,) - cycle):
c - 3 large rocks (quivered)
Press: ? - help, Shift-Dir - straight line, f/p - orc warrior
Aim: an orc warrior, wielding a scimitar of pain and wearing a chain mail (moderately wounded)
You throw a large rock. The large rock hits the orc warrior!
The orc warrior is heavily wounded.
The orc warrior throws a tomahawk.
The tomahawk closely misses you.
The orc warrior hits you with a scimitar of pain!
You writhe in agony.
You see here a dagger.
You closely miss the orc warrior.
The orc warrior is heavily wounded.
You scratch the orc warrior.
The orc warrior is heavily wounded.
The orc warrior hits you with a scimitar of pain!
* * * LOW HITPOINT WARNING * * *
You writhe in agony.
You claw the orc warrior!
The orc warrior is almost dead.
The orc warrior hits you with a scimitar of pain!!
You die...

#.# ####.####
#.##...#...####
#.....<###....
##...#..######
.# #..###...#
...# ##..#
##..# .....
#...# ..#
♣...####...#
... ♣.(o@(...(#
#..#
♣...).....# ...
♣.........#
♣.........##
....#.......#
.............#
.......###...#
.....## #.##


You could see an orc warrior.

Vanquished Creatures
  The ghost of hairmachine the Poker, an amateur DsGl (D:3)
  An ice beast (D:4)
  A necrophage (D:6)
  2 centaurs (D:5)
  2 ogres
  A giant frog (D:5)
  A gnoll sergeant (D:6)
  A howler monkey (D:5)
  2 hounds
  2 orc priests
  An orc wizard (D:4)
  2 centaur skeletons
  3 worker ants
  A hound zombie (D:6)
  3 gnolls (D:6)
  A howler monkey skeleton (D:5)
  3 adders
  A worm (D:2)
  A dart slug (D:1)
  5 giant geckos
  11 orcs
  A ball python (D:2)
  2 giant cockroaches
  7 goblins
  5 hobgoblins
  A quokka (D:5)
  9 bats
  A giant gecko skeleton (D:5)
  4 giant newts
  13 kobolds
  A rat (D:1)
90 creatures vanquished.

Vanquished Creatures (others)
  A wolf spider (D:3)
  A giant cockroach (D:5)
2 creatures vanquished.

Grand Total: 92 creatures vanquished

Notes
Turn   | Place    | Note
--------------------------------------------------------------
     0 | D:1      | hairmachine the Troll Hunter began the quest for the Orb.
     0 | D:1      | Reached XP level 1. HP: 19/19 MP: 0/0
   120 | D:1      | Reached skill level 1 in Unarmed Combat
   184 | D:1      | Reached XP level 2. HP: 27/27 MP: 1/1
   258 | D:1      | Reached skill level 1 in Stealth
   975 | D:2      | Reached XP level 3. HP: 33/33 MP: 2/2
  1003 | D:2      | Reached skill level 2 in Unarmed Combat
  1443 | D:3      | Found an oddly glowing altar of Pakellas.
  1443 | D:3      | Noticed a wolf spider
  1449 | D:3      | Killed a wolf spider
  1522 | D:3      | Noticed hairmachine's ghost (amateur DsGl)
  1534 | D:3      | Killed hairmachine's ghost
  1534 | D:3      | Reached skill level 3 in Unarmed Combat
  1534 | D:3      | Reached XP level 4. HP: 33/41 MP: 3/3
  1534 | D:3      | Reached XP level 5. HP: 39/48 MP: 4/4
  1972 | D:4      | Reached skill level 4 in Unarmed Combat
  1972 | D:4      | Reached XP level 6. HP: 52/55 MP: 5/5
  2371 | D:4      | Noticed an ice beast
  2498 | D:4      | Killed an ice beast
  2498 | D:4      | Reached skill level 5 in Unarmed Combat
  2498 | D:4      | Reached XP level 7. HP: 62/62 MP: 6/6
  2759 | D:4      | Found a snail-covered altar of Cheibriados.
  2760 | D:4      | Found a bloodstained altar of Trog.
  2764 | D:4      | Became a worshipper of Trog the Wrathful
  2793 | D:5      | Entered Level 5 of the Dungeon
  3084 | D:5      | Reached skill level 6 in Unarmed Combat
  3303 | D:5      | Found a staircase to the Ecumenical Temple.
  3421 | D:6      | Reached XP level 8. HP: 70/70 MP: 7/7
  3659 | D:6      | Reached skill level 7 in Unarmed Combat
  3719 | D:6      | Mangled by an orc warrior

Skill      XL: |  1  2  3  4  5  6  7  8 |
---------------+-------------------------+-----
Unarmed Combat | 1 3 4 5 6 7 |  7.0
Stealth        | 1 2 3 4 |  4.9
Fighting       | |  1.5
Throwing       | |  3.6
Dodging        | |  1.5

Action                   |  1- 3 |  4- 6 |  7- 9 || total
-------------------------+-------+-------+-------++-------
Melee: Unarmed           |   110 |    48 |    73 ||   231
       Punch             |     1 |     1 |     3 ||     5
Throw: Large rock        |    19 |    16 |    18 ||    53
       Throwing net      |       |       |     1 ||     1
  Use: Scroll            |     7 |       |       ||     7
       Potion            |       |     1 |     5 ||     6
 Stab: Sleeping          |     1 |       |     2 ||     3
  Eat: Chunk             |    17 |     9 |    14 ||    40
Armor: Robe              |    65 |    17 |    14 ||    96
Dodge: Dodged            |    99 |    20 |    54 ||   173
